 Dungeon Crawl Stone Soup version 0.30.1-4-g462c640d31 (webtiles) character file.

Game seed: 3367596730498147122

2336 Zeor the Covert (level 9, -6/44 HPs)
             Began as a Vine Stalker Enchanter on Aug 30, 2023.
             Was a Follower of Wu Jian.
             Killed from afar by Maggie (19 damage)
             ... with a bolt of fire
             ... on level 7 of the Dungeon.
             The game lasted 00:22:20 (6631 turns).

Zeor the Covert (Vine Stalker Enchanter)            Turns: 6631, Time: 00:22:22

Health: -6/44      AC:  5    Str: 11    XL:     9   Next: 42%
Magic:  0/17       EV: 12    Int: 17    God:    Wu Jian [*.....]
Gold:   216        SH:  0    Dex: 17    Spells: 7/18 levels left

rFire   . . .        a - +2 rapier
rCold   . . .        (no shield)
rNeg    . . .        f - +0 leather armour
rPois   .            (no helmet)
rElec   .            r - +0 cloak
rCorr   +            (no gloves)
SInv    .            q - +0 pair of boots
Will    +....        (no amulet)
Stlth   ++++         h - ring of resist corrosion
HPRegen 1.07/turn    (no ring)
MPRegen 0.15/turn

%: guardian spirit
@: no status effects
A: fangs 3, regeneration 1, magic shield, antimagic bite, no potion heal 2
a: Renounce Religion


You were on level 7 of the Dungeon.
You worshipped Wu Jian.
Wu Jian was aware of your devotion.
You visited 2 branches of the dungeon, and saw 8 of its levels.

You collected 306 gold pieces.
You spent 90 gold pieces at shops.

Inventory:

Hand Weapons
 a - a +2 rapier (weapon)
 b - a +2 dagger
 s - a +3 short sword
 A - a +2 long sword
Missiles
 i - 12 boomerangs (quivered)
 k - 19 poisoned darts
 m - 6 silver boomerangs
Armour
 f - a +0 leather armour (worn)
 q - a +0 pair of boots (worn)
 r - a +0 cloak (worn)
Jewellery
 h - a ring of resist corrosion (left hand)
Wands
 u - a wand of flame (7)
 v - a wand of mindburst (5)
Scrolls
 j - a scroll of amnesia
 n - a scroll of magic mapping
 x - a scroll of summoning
 y - a scroll of blinking
 C - a scroll of fear
Potions
 d - a potion of resistance
 e - a potion of magic {unknown}
 g - a potion of haste {unknown}
 l - a potion of flight {unknown}
 o - 2 potions of mutation
 p - 5 potions of lignification {unknown}
 t - a potion of berserk rage {unknown}
 w - a potion of might {unknown}
 z - a potion of attraction {unknown}
 B - a potion of curing {unknown}


   Skills:
 + Level 3.0 Fighting
 + Level 4.0 Short Blades
 + Level 3.0 Armour
 + Level 3.0 Dodging
 + Level 8.7 Stealth
 * Level 5.3 Spellcasting
 + Level 0.4 Conjurations
 * Level 5.5 Hexes
 + Level 2.5 Ice Magic


You had 7 spell levels left.
You knew the following spells:

 Your Spells              Type           Power      Damage    Failure   Level
c - Confusing Touch       Hex            23%        N/A       5%          3
f - Dazzling Flash        Conj/Hex       28%        N/A       16%         3
h - Ensorcelled Hibernat  Hex/Ice        36%        N/A       4%          2
t - Tukima's Dance        Hex            23%        N/A       5%          3

Your spell library contained the following spells:

 Spells                   Type           Power      Damage    Failure   Level
 Freeze                   Ice            52%        1d6       6%          1
 Frozen Ramparts          Ice            26%        1d4       19%         3
 Hailstorm                Conj/Ice       9%         3d4       28%         3


Dungeon Overview and Level Annotations

Branches:
Dungeon (7/15)             Temple (1/1) D:4

Altars:
Ashenzari
Cheibriados
Dithmenos
Elyvilon
Fedhas
Gozag
Hepliaklqana
Kikubaaqudgha
Makhleb
Okawaru
Qazlal
Ru
Trog
Vehumet
Wu Jian
Yredelemnul
Zin
The Shining One

Shops:
D:4 [   D:5 [

Annotations:
D:7 Maggie


Innate Abilities, Weirdness & Mutations

You have razor-sharp teeth.
Your natural rate of healing is unusually fast.
When hurt, damage is shared between your health and your magic reserves.
Your bite disrupts and absorbs the magic of your enemies.
Potions cannot restore your health.


Message History

The white imp is severely wounded.
The white imp gestures at you. The puff of frost hits you.
You hit the white imp.
You kill the white imp!
The Council accepts your kill.
Press: ? - help, v - describe, . - travel
Here: Maggie, wielding a +2 broad axe of pain and wearing +0 steam dragon scales The floor.
Casting: Dazzling Flash (dangerous; 16% risk of failure)
Confirm with . or Enter, or press ? or * to list all spells.
Aiming: Tukima's Dance (dangerous; 5% risk of failure)
Press: ? - help, Shift-Dir - straight line, f - Maggie
Aim: Maggie, wielding a +2 broad axe of pain and wearing +0 steam dragon scales (chance to affect: 55%)
The +2 broad axe of pain dances into the air!
Maggie gestures at you while chanting. The bolt of fire hits you!!
Your +2 broad axe of pain hits Maggie.
You barely miss Maggie. Your bite misses Maggie.
Maggie is lightly wounded.
Maggie gestures at you while chanting. The bolt of fire hits you!!
Ouch! That really hurt!
* * * LOW HITPOINT WARNING * * *
Casting: Tukima's Dance (dangerous; 5% risk of failure)
Confirm with . or Enter, or press ? or * to list all spells.
Aiming: Ensorcelled Hibernation (safe; 4% risk of failure)
Press: ? - help, Shift-Dir - straight line, f/p - Maggie
Aim: Maggie, wearing +0 steam dragon scales (lightly wounded, ally target, chance to affect: 50%) Maggie resists with significant effort.
Maggie closely misses you.
Your +2 broad axe of pain hits Maggie!
Casting: Ensorcelled Hibernation (safe; 4% risk of failure)
Confirm with . or Enter, or press ? or * to list all spells.
Aiming: Ensorcelled Hibernation (safe; 4% risk of failure)
Press: ? - help, Shift-Dir - straight line, f/p - Maggie
Aim: Maggie, wearing +0 steam dragon scales (moderately wounded, ally target, chance to affect: 50%) Maggie resists with significant effort.
Maggie gestures at you while chanting. The bolt of fire hits you!!
You die...

▒∙∙∙∙∙∙∙'∙∙∙∙∙∙∙∙∙∙∙∙▒∙∙∙∙∙
▒∙[∙∙∙∙∙▒∙∙∙∙∙∙∙∙∙∙∙∙▒∙∙∙∙∙
▒∙∙∙∙∙∙∙▒∙∙∙∙∙∙∙∙∙∙∙▒▒■▒▒▒▒
▒∙∙∙∙∙∙∙▒∙∙∙∙▒▒▒▒▒▒▒▒∙∙∙∙∙∙
▒∙∙∙∙∙∙∙▒▒▒▒▒▒$∙∙∙∙∙∙∙∙∙$∙∙
▒∙∙∙∙∙∙∙∙∙∙∙∙∙∙∙∙∙∙∙∙)∙∙∙∙∙
▒∙∙∙∙∙∙∙∙∙∙∙∙∙∙∙∙∙∙))∙∙∙∙∙∙
▒▒▒▒▒▒▒▒∙∙∙∙)∙∙∙∙∙∙)∙▒▒▒▒▒■
▒∙∙f@∙∙∙∙∙∙∙∙o▒∙∙∙∙∙
▒∙∙∙∙(∙∙∙∙∙∙∙∙'∙∙∙∙∙
▒∙∙∙∙∙∙∙∙∙∙∙∙∙▒o∙▒▒■
▒▒▒▒▒∙∙∙∙∙▒■▒▒▒@∙▒
∙∙∙∙∙▒∙∙∙∙∙∙▒ ∙∙∙∙∙'∙∙<∙∙∙▒
∙∙∙∙∙▒∙∙∙∙∙∙■ ∙∙∙∙▒∙∙∙∙∙∙▒
▒▒▒▒▒▒▒▒


You could see Maggie (ally target) and a friendly +2 broad axe of pain.

Vanquished Creatures
  Grinder (D:5)
  Sigmund (D:2)
  Edmund (D:6)
  Menkaure (D:6)
  A water moccasin (D:6)
  An orc warrior (D:6)
  A black bear (D:4)
  An ogre (D:3)
  2 phantoms
  2 kobold brigands (D:6)
  A scorpion (D:5)
  5 wights (D:6)
  A howler monkey (D:4)
  An electric eel (D:6)
  3 hounds
  A quasit (D:6)
  3 orc priests
  Ijyb (D:5)
  Terence (D:2)
  4 iguanas
  2 orc wizards
  2 gnolls (D:3)
  6 adders
  3 shadow imps (D:6)
  3 white imps
  2 ufetubi (D:6)
  3 dart slugs
  16 orcs
  7 endoplasms
  5 giant cockroaches
  5 goblins
  5 hobgoblins
  A quokka (D:3)
  5 ball pythons
  6 bats
  3 frilled lizards
  17 kobolds
  3 rats
127 creatures vanquished.

Vanquished Creatures (collateral kills)
  A gnoll (D:3)
1 creature vanquished.

Vanquished Creatures (others)
  2 dancing weapons
  An orc wizard (D:6)
3 creatures vanquished.

Grand Total: 131 creatures vanquished

Notes
Turn   | Place    | Note
-------+----------+-------------------------------------------
     0 | D:1      | Zeor the Vine Stalker Enchanter began the quest for the
                  | Orb.
     0 | D:1      | Reached XP level 1. HP: 9/9 MP: 4/4
   128 | D:1      | Reached XP level 2. HP: 13/13 MP: 6/6
   144 | D:1      | Reached skill level 4 in Stealth
   168 | D:1      | Learned a level 2 spell: Ensorcelled Hibernation
   571 | D:1      | Found a faded altar of an unknown god.
   756 | D:1      | Reached XP level 3. HP: 16/16 MP: 5/7
   760 | D:1      | Learned a level 3 spell: Tukima's Dance
  1523 | D:2      | Noticed Terence
  1536 | D:2      | Killed Terence
  1537 | D:2      | Reached skill level 5 in Stealth
  1537 | D:2      | Gained mutation: Your natural rate of healing is unusually
                  | fast. [Vine Stalker growth]
  1537 | D:2      | Reached XP level 4. HP: 7/21 MP: 0/8
  1803 | D:2      | Noticed Sigmund
  1841 | D:2      | Killed Sigmund
  1842 | D:2      | Reached skill level 1 in Short Blades
  1842 | D:2      | Reached skill level 1 in Armour
  1842 | D:2      | Reached skill level 6 in Stealth
  1842 | D:2      | Reached skill level 1 in Ice Magic
  1842 | D:2      | Reached XP level 5. HP: 25/25 MP: 6/10
  1842 | D:2      | Reached XP level 6. HP: 29/29 MP: 6/11
  2117 | D:3      | Found a basalt altar of Yredelemnul.
  3294 | D:4      | Found a staircase to the Ecumenical Temple.
  3306 | D:4      | Noticed a black bear
  3316 | D:4      | Killed a black bear
  3317 | D:4      | Reached XP level 7. HP: 25/32 MP: 7/13
  3328 | Temple   | Entered the Ecumenical Temple
  3554 | Temple   | Became a worshipper of the Wu Jian Council
  3618 | D:4      | Found Luolegiv's Armour Boutique.
  3624 | D:4      | Bought a +0 pair of boots for 45 gold pieces
  3624 | D:4      | Bought a +0 cloak for 45 gold pieces
  3657 | D:4      | Found a shadowy altar of Dithmenos.
  3708 | D:4      | Reached skill level 1 in Fighting
  4283 | D:5      | Entered Level 5 of the Dungeon
  4285 | D:5      | Noticed Grinder
  4286 | D:5      | Noticed Ijyb
  4299 | D:5      | Learned a level 3 spell: Confusing Touch
  4303 | D:5      | Learned a level 3 spell: Dazzling Flash
  4311 | D:5      | Killed Ijyb
  4330 | D:5      | Paralysed by Grinder for 2 turns
  4348 | D:5      | Killed Grinder
  4349 | D:5      | Reached skill level 7 in Stealth
  4349 | D:5      | Gained mutation: You have razor-sharp teeth. [Vine Stalker
                  | growth]
  4349 | D:5      | Reached XP level 8. HP: 20/37 MP: 6/14
  4842 | D:5      | Found Moehynk's Armour Shoppe.
  5193 | D:6      | Reached * piety under Wu Jian
  5196 | D:6      | Reached skill level 8 in Stealth
  5316 | D:6      | Reached skill level 5 in Hexes
  5605 | D:6      | Reached XP level 9. HP: 34/43 MP: 9/17
  5662 | D:6      | Reached skill level 5 in Spellcasting
  5852 | D:6      | Found a glowing golden altar of the Shining One.
  6084 | D:6      | Found a radiant altar of Vehumet.
  6084 | D:6      | Found a broken altar of Ashenzari.
  6084 | D:6      | Noticed Menkaure
  6090 | D:6      | Killed Menkaure
  6128 | D:6      | Noticed Edmund
  6129 | D:6      | Found a hazy altar of Hepliaklqana.
  6130 | D:6      | Found a faded altar of an unknown god.
  6134 | D:6      | Killed Edmund
  6172 | D:6      | Found a white marble altar of Elyvilon.
  6426 | D:7      | Noticed Maggie
  6631 | D:7      | Killed from afar by Maggie

Illustrated notes

Levels and vault maps discovered:
D:1:      mushboom_english_gardens, layout_loops_ring,
          dreamdust_ecumenical_altar_grove
D:2:      layout_loops_corners, minmay_misc_feat_diagonals, grunt_ministairs_6,
          uniq_sigmund, uniq_terence
D:3:      layout_loops_cross, mainiacjoe_overflow_alcove_2, nrook_mini_vaults
D:4:      minmay_door_path, layout_basic, grunt_dithmenos_smoke_and_mirrors,
          minmay_temple_entry_large_hall, serial_shops, nicolae_shop_stone
D:5:      layout_cave_pools, serial_shops, nicolae_shop_back_alley_shop,
          minmay_stone_trees_small, corexii_checkpoint_a, kennysheep_dice,
          uniq_ijyb, uniq_grinder
D:6:      layout_basic, tso_altar, beargit_hepliaklqana_dungeon_heroes,
          gammafunk_temple_overflow_pools, elyvilon_altar_4, serial_demonic,
          serial_demonic_a, serial_demonic_b, serial_demonic_c,
          serial_demonic_f, serial_demonic_d, serial_demonic_e,
          serial_demonic_e, kennysheep_cross_bottleneck, uniq_edmund,
          uniq_menkaure
D:7:      layout_gridville, uniq_maggie
Temple:   nicolae_temple_bog_church

Skill      XL: |  1  2  3  4  5  6  7  8  9 |
---------------+----------------------------+-----
Stealth        | 4 5 6 7 8 |  8.7
Short Blades   | 1 2 3 4 |  4.0
Armour         | 1 2 3 |  3.0
Ice Magic      | 1 2 |  2.5
Spellcasting   | 3 4 5 |  5.3
Dodging        | 2 3 |  3.0
Hexes          | 4 5 |  5.5
Fighting       | 1 2 3 |  3.0
Conjurations   | |  0.4

Action                     |  1- 3 |  4- 6 |  7- 9 || total
---------------------------+-------+-------+-------++-------
  Melee: Dagger            |    63 |    88 |    18 ||   169
         Bite              |    15 |    26 |    52 ||    93
         Short sword       |       |       |    90 ||    90
         Rapier            |       |       |   110 ||   110
         Punch             |       |       |     2 ||     2
  Throw: Boomerang         |       |       |     1 ||     1
   Cast: Ensorcelled Hiber |    11 |    10 |    21 ||    42
         Tukima's Dance    |       |     8 |     1 ||     9
         Dazzling Flash    |       |       |     5 ||     5
Ability: Lunge             |       |       |    30 ||    30
         Whirlwind         |       |       |    21 ||    21
    Use: Scroll            |     4 |     6 |     7 ||    17
         Potion            |       |       |     3 ||     3
   Stab: Sleeping          |    16 |    10 |    26 ||    52
         Invisible         |       |       |     6 ||     6
 Armour: Leather armour    |     9 |    17 |    50 ||    76
         Robe              |     1 |       |       ||     1
  Dodge: Dodged            |    31 |    39 |   112 ||   182
